[Event "Charlotte GM-A May 2022"]
[Site "Charlotte"]
[Date "2022.05.08"]
[Round "7.1"]
[White "Sheng, Joshua"]
[Black "Korley, Kassa"]
[Result "0-1"]
[ECO "C24"]
[WhiteElo "2487"]
[BlackElo "2413"]
[Annotator "TA"]
[PlyCount "128"]
[EventDate "2022.05.04"]
[EventType "tourn"]
[EventCountry "USA"]
[SourceTitle "playchess.com"]
[Source "ChessBase"]
[SourceQuality "1"]
[TimeControl "5400+30"]

1. e4 e5 2. Bc4 Nf6 3. d3 c6 4. Nf3 d5 5. Bb3 Bb4+ 6. Bd2 Bxd2+ 7. Nbxd2 Nbd7 {[%emt 0:02:03] C24: Bishop's Opening: 2...Nf6.} 8. O-O O-O 9. Re1 Re8 {[%emt 0:02:10] The position is equal.} 10. d4 exd4 11. exd5 cxd5 12. Nxd4 Nc5 13. Nf1 {[%emt 0:02:53] [#]} Bd7 $146 ({Predecessor:} 13... Bg4 14. Rxe8+ Qxe8 15. Qd2 Qd7 16. f3 Bh5 17. Re1 Bg6 18. Re3 h6 19. c3 Re8 {1-0 (59) Le,Q (2715)-Sadhwani,R (2455) Sharjah 2019}) 14. Ne3 Ba4 15. c3 Qd7 16. Bxa4 Nxa4 17. Qc2 g6 18. Rad1 b5 19. Qb3 a6 20. Ndc2 Re5 21. Nb4 Rae8 22. Rf1 Qe6 23. Qc2 (23. Nexd5 Nxd5 24. Rxd5 Re1 $17) 23... Rc8 24. Qb1 Kg7 25. Nd3 Re4 26. Nc2 Qd6 27. f3 Re7 28. Rfe1 Rxe1+ 29. Rxe1 Nd7 30. Nd4 Ndc5 31. Nf2 h5 32. Re2 Qf6 33. a3 Nb7 34. Qe1 Nd6 35. Nd1 Nb6 36. Ne3 Kf8 37. Nec2 a5 {[%emt 0:00:23][%cal Ba6a5,Ba5a4,Ba4b3][%mdl 32] Against Nb4} 38. Qf2 Nbc4 39. b3 Nb2 (39... Ne5 $11) 40. Qe1 (40. Qe3 $6 Nd1 41. Qd2 (41. Qh6+ Kg8 $17) 41... Nxc3 $15) ({White has to play} 40. Rd2 $1 $16) 40... Nd3 $1 $15 41. Qd2 Nf4 42. Re1 a4 {[%emt 0:00:00] And now ...axb3 would win.} (42... Qg5 $5 43. Kh1 h4 $11) 43. g3 {[%emt 0:00:55] [#]} axb3 $1 44. Ne3 (44. Nb4 Nc4) 44... Ne6 45. Nxd5 {[%emt 0:00:04] [#]} Nxd4 $1 46. cxd4 Nc4 $36 {[%emt 0:00:00][%mdl 2048] Black fights for an advantage.} 47. Qh6+ (47. Nxf6 $2 Nxd2 48. Kf2 b2 49. Nd7+ Kg7 $19) (47. Qb4+ $11 {and White stays safe.} Qd6 48. Qxd6+ (48. Qxb5 $2 b2 $19) 48... Nxd6 49. Rb1) 47... Qg7 $19 48. Qf4 {[%emt 0:00:26] [#]} Rd8 $2 ({Better is} 48... g5 $1 $19 49. Qe4 Qg6 50. Qe7+ (50. Qe2 $2 Qe6 $19) 50... Kg7) 49. Kh1 $11 Kg8 50. Qg5 {[%emt 0:03:35][%mdl 8192] [#] Black keeps a firm grip on the game.} (50. Nf6+ $1 $11 Kh8 51. Qg5) 50... Rd6 $1 $19 {[%emt 0:00:00] ...b2 is the strong threat.} 51. Ne7+ Kh7 52. Qxb5 Qxd4 {[%emt 0:00:00] ( -> ...Qf2)} 53. Nxg6 Kxg6 ({Not} 53... fxg6 $2 54. Qxb3 Rd7 55. Qc2 $19) 54. Qxb3 Qd3 55. Qxd3+ Rxd3 {[%emt 0:00:04][%mdl 4096] Endgame KRN-KR} 56. Kg2 Rxa3 57. Re4 (57. Re2 $142) 57... Ne3+ 58. Kf2 Nf5 59. Kg2 Rd3 60. Kf2 (60. Re2 $142) 60... Rd2+ {[%emt 0:00:00] Black is clearly winning.} 61. Kg1 Nd4 62. Re3 f6 {[%emt 0:00:00][%cal Oh5h4] Threatens to win with ...h4!} 63. Ra3 h4 {[%emt 0:00:00] White must now prevent ...h3.} 64. gxh4 Kh5 {[%emt 0:00:00] Weighted Error Value: White=0.52/Black=0.20 (precise)} 0-1

[Event "Charlotte GM-A May 2022"]
[Site "Charlotte"]
[Date "2022.05.08"]
[Round "7.2"]
[White "Liang, Jason"]
[Black "Williams, Justus"]
[Result "1/2-1/2"]
[ECO "D00"]
[WhiteElo "2432"]
[BlackElo "2417"]
[Annotator "TA"]
[PlyCount "107"]
[EventDate "2022.05.04"]
[EventType "tourn"]
[EventCountry "USA"]
[SourceTitle "playchess.com"]
[Source "ChessBase"]
[SourceQuality "1"]
[TimeControl "5400+30"]

1. d4 Nf6 2. Nc3 d5 3. Bf4 a6 4. e3 Bf5 5. Nf3 e6 6. Ne5 {[%emt 0:00:16] D00: 1 d4 d5: Unusual lines.} h6 7. Bd3 Bxd3 8. cxd3 {[%emt 0:00:12] [#]} Bd6 $146 ({Predecessor:} 8... Be7 9. O-O O-O 10. Rc1 Nbd7 11. e4 c5 12. Nxd7 Qxd7 13. e5 Nh7 14. Ne2 Rfc8 {0-1 (38) Buksa,N (2401)-Dzagnidze,N (2531) Warsaw 2021}) 9. Qb3 Ra7 10. h3 O-O 11. O-O Nfd7 12. e4 Bxe5 13. dxe5 d4 14. Ne2 Nc6 15. Rac1 Ndxe5 16. Bg3 Nd7 17. f4 a5 18. Rc4 Nb6 19. Rc5 Qd6 20. Rfc1 a4 21. Qd1 a3 22. b4 {[%emt 0:02:45] aiming for b5.} Na4 $1 (22... Nxb4 23. f5 Qd7 24. Rxc7 $16) 23. Rb5 f5 (23... Nxb4 24. f5 Qa6 25. Rxb4 $11) 24. exf5 exf5 ({But not} 24... Nxb4 25. Qb3 Nxd3 26. Qxd3 $16) ({Much weaker is} 24... Rxf5 $6 25. Rxf5 exf5 26. Qb3+ Kh8 27. Bf2 $11) 25. Qb3+ Kh7 $1 26. Bf2 $1 Rf6 27. Rd5 Qxb4 28. Qxb4 Nxb4 {[%emt 0:00:00] Pair of Knights!} 29. Rxd4 Nc6 (29... Nxa2 $15 30. Ra1 c5 $1) 30. Rd7 $11 b6 31. Ng3 Kg6 {[%emt 0:00:00] [#] Inhibits Nh5.} (31... Kg8 $1 $11) 32. Nh5 $1 $36 {[%emt 0:04:44][%mdl 2048] Keeping Black busy. White is more active.} Kxh5 33. Rxg7 {[%emt 0:00:07] White wants to mate with g4+.} Rg6 {[%emt 0:00:00] Prevents g4+.} 34. Rxg6 {[%emt 0:00:11][%mdl 64] Remove Defender} Kxg6 35. Rxc6+ {[%emt 0:00:09][%mdl 4096] Endgame KRB-KRN} Kh7 {[%emt 0:00:00] [#]} ({Black should try} 35... Kf7) 36. g4 (36. Kf1 $1 $16) 36... fxg4 37. hxg4 {[%emt 0:00:12] Hoping for f5.} Nc5 (37... Nb2 $11 {and Black stays safe.}) 38. f5 (38. Bxc5 $18 bxc5 39. Kg2 (39. Rxc5 Kg7 $18)) 38... Nxd3 $11 39. Be3 {[%emt 0:00:06] Black must now prevent Kg2.} Ne5 40. Rxh6+ Kg8 41. g5 (41. Re6 $16 Nc4 42. Bf4) 41... Ra4 (41... Ra5 $1 $11) 42. Re6 $14 Re4 (42... Ra5 $142) 43. Bc1 (43. Kf2 $16) 43... Re1+ $2 (43... Nf3+ $1 $11 44. Kf2 Rxe6 45. fxe6 Nd4) 44. Kg2 $18 Rxc1 {[%emt 0:00:45] [#]} 45. Rxe5 $2 {[%emt 0:00:06] KR-KR} (45. Re8+ $1 $18 Kf7 46. Rxe5) 45... Rc2+ $11 {[%emt 0:00:53] The position is equal.} 46. Kh3 {[%emt 0:00:15] Strongly threatening g6.} Rxa2 47. g6 {[%emt 0:04:38] Threatening mate with f6.} Rf2 {[%emt 0:00:18] ...a2 is the strong threat.} 48. Re8+ Kg7 49. Re7+ Kf8 (49... Kg8 $5 50. Re8+ Kg7 51. Re7+ Kh8 52. Re8+ Kg7 $11) 50. Rf7+ Kg8 {[%emt 0:01:48] And now ...a2 would win.} 51. f6 $1 a2 52. Rg7+ $1 Kf8 (52... Kh8 $5 53. Rh7+ Kg8 54. Rg7+ Kh8 55. Rh7+ Kg8 56. Rg7+ $11) 53. Rf7+ $1 Kg8 54. Rg7+ $1 {[%emt 0:00:26] Weighted Error Value: White=0.27 (precise) /Black=0.27 (precise)} 1/2-1/2

[Event "Charlotte GM-A May 2022"]
[Site "Charlotte"]
[Date "2022.05.07"]
[Round "7.3"]
[White "Ostrovskiy, Aleksandr"]
[Black "Stremavicius, Titas"]
[Result "1/2-1/2"]
[WhiteElo "2397"]
[BlackElo "2508"]
[Annotator "TA"]
[PlyCount "36"]
[EventDate "2022.05.04"]
[EventType "tourn"]
[EventCountry "USA"]
[SourceTitle "playchess.com"]
[Source "ChessBase"]
[SourceQuality "1"]
[TimeControl "5400+30"]

1. e4 c5 2. Nf3 Nc6 3. d4 cxd4 4. Nxd4 Nf6 5. Nc3 e5 6. Ndb5 d6 7. Nd5 Nxd5 8. exd5 Nb8 9. a4 {[%emt 0:00:07] [#]} {Predecessor:} Be7 $146 {B33: Sicilian: Pelikan and Sveshnikov Variations.} 10. Be2 O-O 11. O-O Nd7 12. Bd2 a6 13. Na3 a5 14. Nc4 b6 15. f4 exf4 16. Bxf4 Nc5 17. c3 f5 18. Be3 Ba6 {0-1 (71) Niemann,H (2645)-Salem,A (2690) Warsaw 2021} 1/2-1/2

[Event "Charlotte GM-A May 2022"]
[Site "Charlotte"]
[Date "2022.05.08"]
[Round "7.4"]
[White "Belous, Vladimir"]
[Black "Song, Micheal"]
[Result "1/2-1/2"]
[ECO "A21"]
[WhiteElo "2525"]
[BlackElo "2408"]
[Annotator "TA"]
[PlyCount "262"]
[EventDate "2022.05.04"]
[EventType "tourn"]
[EventCountry "USA"]
[SourceTitle "playchess.com"]
[Source "ChessBase"]
[SourceQuality "1"]
[TimeControl "5400+30"]

1. c4 f5 2. Nf3 Nf6 3. g3 g6 4. Bg2 Bg7 5. O-O O-O 6. Nc3 d6 7. Rb1 e5 8. d3 a5 9. a3 h6 10. b4 axb4 11. axb4 Be6 12. b5 c6 13. c5 Nd5 14. Nxd5 cxd5 15. Bb2 Qc7 16. e4 dxc5 17. exd5 Bxd5 18. Re1 Nd7 19. Nxe5 Nxe5 20. Bxd5+ Kh7 21. b6 Qd6 22. Bxb7 Rab8 23. Bxe5 Bxe5 24. Bf3 Bc3 25. b7 Bxe1 26. Qxe1 Rfe8 27. Qc3 Re7 28. h4 h5 29. Rb5 Rd7 30. Rxc5 Qxd3 31. Qxd3 Rxd3 32. Rc8 Rxf3 33. Rxb8 Rb3 34. Kf1 Rb2 35. Ke1 Kg7 36. Kd1 Rb4 37. Kd2 Rb3 38. Kc2 Rb4 39. Kc3 Rb1 40. f3 Rb6 41. Kc4 Rb1 42. Kd5 Rb2 43. Ke6 Rb6+ 44. Ke5 Rb4 45. Kd5 Rb1 46. Kc6 Rc1+ 47. Kd6 Rd1+ 48. Ke5 Rb1 49. Kf4 Rb4+ 50. Kg5 f4 51. g4 hxg4 52. Kxg4 Kh7 53. h5 gxh5+ 54. Kxh5 Kg7 55. Kg5 Kh7 56. Kf6 Rb1 57. Ke5 Rb4 58. Kd5 Rb1 59. Kd6 Kg7 60. Kc5 Rb2 61. Kd4 Rb1 62. Ke4 Rb4+ 63. Ke5 Kh7 64. Kd6 Rb1 65. Ke5 Rb4 $1 66. Kf5 Kg7 67. Kg5 Kh7 $1 68. Kf6 Rb1 69. Ke6 Kg7 70. Kd6 Rb2 71. Kd5 Rb1 72. Kc4 Rb2 73. Kd4 Rb1 74. Ke5 Rb4 75. Kf5 $1 Kh7 $1 76. Kf6 Rb1 77. Ke5 Rb4 $1 78. Kd6 Rb1 79. Kc6 Rc1+ $1 80. Kd5 Rb1 81. Kd6 Kg7 82. Kc7 Rc1+ $1 83. Kb6 Rb1+ 84. Kc6 Rc1+ $1 85. Kd5 Rb1 86. Kd4 Rb2 87. Kc4 Rb1 88. Kc5 Rb2 89. Kc6 Rc2+ $1 90. Kd5 Rb2 91. Ke6 Rb1 92. Kf5 Rb4 $1 93. Kg5 Kh7 $1 94. Rf8 Rxb7 95. Rxf4 Kg7 96. Rf6 Rb5+ 97. Rf5 Rb6 98. Rc5 Ra6 99. Rc7+ Kf8 100. f4 Kg8 101. f5 Kf8 102. Rd7 Kg8 103. Kf4 Kf8 104. Ke5 Ra5+ 105. Kf6 Ra6+ 106. Kg5 Kg8 107. Re7 Kf8 108. Rb7 Kg8 109. Kh5 Kf8 110. Kg4 Ra4+ 111. Kg5 Ra6 112. Kf4 Ke8 113. Ke5 Kf8 114. Rc7 Ke8 115. Kf4 Kf8 116. Kg5 Kg8 117. Re7 Kf8 118. Re2 Kf7 119. Re1 Kg7 120. Re6 Ra5 121. Rd6 Ra7 122. Rh6 Ra1 123. Rg6+ Kf7 124. Rf6+ Kg7 125. Rb6 Rg1+ 126. Kf4 Rf1+ 127. Ke5 Re1+ 128. Kd5 Kf7 129. Rh6 Rd1+ 130. Ke5 Re1+ 131. Kd6 Rd1+ 1/2-1/2

[Event "Charlotte GM-A May 2022"]
[Site "Charlotte"]
[Date "2022.05.08"]
[Round "7.5"]
[White "Mardov, Dimitar"]
[Black "Spicha, K. Alexander"]
[Result "0-1"]
[ECO "D45"]
[WhiteElo "2402"]
[BlackElo "2083"]
[Annotator "TA"]
[PlyCount "68"]
[EventDate "2022.05.04"]
[EventType "tourn"]
[EventCountry "USA"]
[SourceTitle "playchess.com"]
[Source "ChessBase"]
[SourceQuality "1"]
[TimeControl "5400+30"]

1. d4 d5 2. c4 e6 3. Nf3 Nf6 4. Nc3 c6 5. e3 Nbd7 6. Qc2 Bd6 7. b3 e5 8. cxd5 {[%emt 0:00:30] D45: Semi-Slav: 5 e3.} Nxd5 9. Bb2 Nxc3 10. Bxc3 {[%cal Rd4e5] The position is equal.} Qe7 11. Be2 e4 12. Nd2 Nf6 {[%emt 1:03:04] [#]} 13. Nc4 $146 ({Predecessor:} 13. O-O O-O 14. Nc4 Bc7 15. Bb2 Re8 16. Ba3 Qe6 17. f4 exf3 18. Bxf3 Ng4 19. Bxg4 Qxg4 {1-0 (66) Turova,I (2295)-Gasparian,M (2075) Yerevan 1999}) 13... O-O 14. Nxd6 Qxd6 15. Bd2 Re8 16. h3 Nd5 17. g4 f5 {[%emt 0:01:00] Black is more active.} 18. Qc5 Qf6 19. gxf5 Bxf5 20. O-O-O Qe6 (20... a5 $17) 21. Rdg1 Bxh3 22. Rg5 Bf5 23. Kb1 b6 24. Qc1 a5 25. Bc3 Re7 26. Bb2 a4 27. Bd1 a3 28. Bxa3 {[%emt 0:00:00] This costs White the game.} (28. Ba1 $17) 28... Rea7 $19 29. Bb2 Rxa2 30. Rhg1 g6 31. Be2 b5 {[%emt 0:00:00][%cal Od5f4] [#] Against Bc4. Hoping for ...Nf4! Black is clearly winning.} 32. Qd2 Kh8 {[%emt 0:00:00] ...Qe7 is the strong threat.} 33. Rc1 Qe7 34. Rgg1 {[%emt 0:00:00] [#]} Qa3 $3 {[%emt 0:03:00][%mdl 512] Weighted Error Value: White=0.39/Black=0.07 (flawless)} 0-1

[Event "Charlotte GM-A May 2022"]
[Site "Charlotte"]
[Date "2022.05.08"]
[Round "8.1"]
[White "Korley, Kassa"]
[Black "Spicha, K. Alexander"]
[Result "1/2-1/2"]
[ECO "D02"]
[WhiteElo "2413"]
[BlackElo "2083"]
[Annotator "TA"]
[PlyCount "165"]
[EventDate "2022.05.04"]
[EventType "tourn"]
[EventCountry "USA"]
[SourceTitle "playchess.com"]
[Source "ChessBase"]
[SourceQuality "1"]
[TimeControl "5400+30"]

1. Nf3 d5 2. g3 c5 3. Bg2 Nc6 4. d4 Nf6 5. O-O e6 6. b3 (6. c4 $5) 6... Bd7 {[%emt 0:14:49] D02: 1 d4 d5 2 Nf3 sidelines, including 2...Nf6 3 g3 and 2...Nf6 3 Bf4.} 7. Bb2 cxd4 8. Nxd4 Bc5 9. c4 O-O 10. cxd5 exd5 11. Nxc6 {[%emt 0:01:46] [#]} bxc6 $146 ({Predecessor:} 11... Bxc6 12. Nd2 Re8 13. Rc1 Bb6 14. Nf3 d4 15. Nxd4 Bxg2 16. Kxg2 Qd5+ 17. Nf3 Qxd1 18. Rcxd1 Rxe2 19. Rd2 Rae8 20. Rfd1 Rxd2 {½-½ (20) Molchanov,A (2425)-Eingorn,V (2509) Odessa 2019}) 12. Nc3 Bg4 13. Na4 Bb6 14. Qd3 Re8 15. Bf3 {[%emt 0:04:05] And now Bxf6 would win.} Bxf3 16. exf3 Qd6 17. Rac1 Rac8 18. Rc2 Nd7 19. Rfc1 f6 20. Kg2 Nb8 21. h4 Rc7 22. h5 h6 $1 23. Bc3 (23. Nxb6 axb6 24. b4 Kh8 $11) 23... Nd7 24. Bd2 ({Reject} 24. Qg6 Re6 $11) 24... Ne5 25. Qa6 d4 (25... Qe6 $14) 26. Bf4 $1 $16 Qd5 27. Bxe5 fxe5 (27... Rxe5 $16 28. Nb2 (28. Nxb6 axb6 29. Rxc6 Rf5 $16) 28... Rf5) 28. Nxb6 $18 axb6 29. Qxb6 Qf7 30. Qa6 Qxh5 31. Rxc6 Rf7 {[%emt 0:00:27] [#]} 32. Qd3 (32. g4 $1 $18 Qg5 33. Rc8) 32... Ref8 $14 33. Rc8 {[%emt 0:05:38] Active counter play!} Rxf3 34. Rxf8+ Rxf8 {[%emt 0:00:03][%mdl 4096] Endgame KQR-KQR} 35. a4 Kh8 36. Rc7 Qg4 37. Re7 Qg5 38. Re6 Kg8 (38... Qh5 $11) 39. a5 h5 (39... Qh5 $16 {might work better.}) 40. Rg6 $2 (40. Qc4 $18 {Intending Rxe5+ and mate.} Kh8 41. Qe2) 40... Qd8 (40... Qf5 $2 41. Qxf5 Rxf5 42. Rd6 $18) (40... Qc1 $1 $11 41. Qc4+ Qxc4 42. bxc4 Kf7) 41. a6 e4 {[%emt 0:01:04] [#]} 42. Qxe4 (42. Qc4+ $1 $16 Kh7 43. Re6) 42... d3 $132 {[%emt 0:00:04][%mdl 2048] Black is not holding back} 43. Qe5 Qa8+ $1 44. Kg1 {[%emt 0:00:09][%csl Gg6][%cal Re5g7] Really sharp!} Rf7 (44... Qa7 $14 45. Qe1 (45. Qd5+ Rf7 $11) 45... Qd4) 45. Re6 $2 (45. Rd6 $18 {is more deadly.}) 45... Qf3 $16 46. Re8+ Kh7 47. Qe4+ (47. Qe1 $14) 47... Qxe4 $11 48. Rxe4 {[%emt 0:00:01] KR-KR} Ra7 (48... Rd7 {feels hotter.} 49. Re1 Rd6 50. a7 Ra6) 49. Rd4 Rxa6 50. Rxd3 Ra1+ 51. Kg2 Rb1 52. f4 g5 53. fxg5 {[%emt 0:03:07] aiming for Kf2.} Kg6 54. Kf3 {[%emt 0:00:25] Black must now prevent Ke3.} Kxg5 55. Rd5+ (55. Ke4 $16) 55... Kg6 {[%emt 0:00:13] The position is equal.} 56. Rb5 Rf1+ 57. Kg2 Rb1 58. b4 Rb3 59. Kh3 Rb1 60. Kg2 Rb3 61. Kf2 Kh6 62. Rb8 Kg6 63. b5 Kh6 64. b6 Kg7 65. Kg2 (65. g4 $5 hxg4 66. b7 $11) 65... Kh7 66. Kh2 Kg7 67. Kh3 Rb4 68. Kg2 Rb3 69. b7 Kh7 70. Kf2 Kg7 71. Ke2 (71. g4 $5 hxg4 72. Ke2 $11) 71... Kh7 72. Kd2 Kg7 73. Kc2 Rb6 74. Kd3 Rb4 75. Kc3 Rb1 76. Kc4 Rc1+ 77. Kd5 {[%emt 0:00:03] Rc8 would kill now.} Rd1+ 78. Ke6 {[%emt 0:00:10][%cal Ob8g8] White wants to mate with Rg8+!} Rb1 79. Kf5 Rb5+ 80. Kf4 Kh7 81. Kf3 Rb4 82. Kg2 Rb3 83. Kh3 {[%emt 0:00:18] Weighted Error Value: White=0.31/Black=0.25 (precise)} 1/2-1/2

[Event "Charlotte GM-A May 2022"]
[Site "Charlotte"]
[Date "2022.05.08"]
[Round "8.2"]
[White "Song, Micheal"]
[Black "Mardov, Dimitar"]
[Result "0-1"]
[ECO "E48"]
[WhiteElo "2408"]
[BlackElo "2402"]
[Annotator "TA"]
[PlyCount "68"]
[EventDate "2022.05.04"]
[EventType "tourn"]
[EventCountry "USA"]
[SourceTitle "playchess.com"]
[Source "ChessBase"]
[SourceQuality "1"]
[TimeControl "5400+30"]

1. d4 Nf6 2. c4 e6 3. Nc3 Bb4 4. e3 O-O 5. Bd3 d5 6. cxd5 exd5 7. a3 Bd6 8. Nge2 Re8 {[%emt 0:00:35] E48: Nimzo-Indian: Rubinstein: 5 Bd3 d5 including 6 Ne2, but excluding 6 a3.} 9. Qc2 a6 {[%emt 0:03:08] [#]} 10. Bd2 $146 (10. O-O {seems wilder.} b6 11. Nxd5 Nxd5 12. e4) ({Predecessor:} 10. O-O b6 11. b4 Nbd7 12. Nf4 Bb7 13. Rb1 Nf8 14. f3 Ng6 15. Nfe2 Qe7 16. Ng3 {1-0 (40) Rapport,R (2763)-Vidit,S (2727) Belgrade 2022}) 10... Nbd7 {[%emt 0:05:28] The position is equal.} 11. g4 Nxg4 {[%emt 0:12:42] [#] White must now prevent ...Qh4.} 12. Bxh7+ Kh8 {[%emt 0:00:50] Hoping for ...Qh4.} 13. Bf5 $1 Qh4 14. O-O-O $1 ({Much weaker is} 14. Bxg4 Qxg4 15. Rg1 Qf3 $17) 14... Ndf6 15. Be1 (15. Rdf1 $15) 15... Qh3 $36 {[%emt 0:00:00][%mdl 2048] White is under strong pressure. Black is more active.} ({But not} 15... Nxf2 16. Rf1 $18) 16. Bd3 {[%emt 0:04:26] This costs White the game.} (16. Rg1 $17 {is a better defense.}) 16... Qf3 $19 17. Rg1 {[%emt 0:04:55] [#] aiming for Ng3.} Nxf2 18. Bxf2 Qxf2 19. Kb1 Qxe3 20. Ng3 Qh6 ({Weaker is} 20... Qxd4 21. Bb5 Qc5 22. Bxe8 Nxe8 23. Rge1 $11) 21. Rdf1 c6 22. Nd1 Qh4 23. Nf5 Bxf5 (23... Qxh2 $2 24. Rh1 Qxh1 25. Rxh1+ Kg8 26. Nxd6 $18) 24. Bxf5 Qxd4 (24... Qxh2 $2 25. Rh1 Qxh1 26. Rxh1+ Kg8 27. Qb3 $18) 25. Qg2 g6 26. Nc3 Re3 27. Nd1 Re7 28. Nc3 Rg8 29. Rf3 Kg7 30. Rgf1 Be5 31. Qg5 Rh8 {[%emt 0:00:00] Black is clearly winning.} 32. Bc2 Rh5 33. Qc1 Rxh2 34. Nd1 Qd2 {[%emt 0:00:00] Weighted Error Value: White=0.40/Black=0.10 (very precise)} 0-1

[Event "Charlotte GM-A May 2022"]
[Site "Charlotte"]
[Date "2022.05.08"]
[Round "8.4"]
[White "Williams, Justus"]
[Black "Ostrovskiy, Aleksandr"]
[Result "1/2-1/2"]
[ECO "D12"]
[WhiteElo "2417"]
[BlackElo "2397"]
[Annotator "TA"]
[PlyCount "110"]
[EventDate "2022.05.04"]
[EventType "tourn"]
[EventCountry "USA"]
[SourceTitle "playchess.com"]
[Source "ChessBase"]
[SourceQuality "1"]
[TimeControl "5400+30"]

1. Nf3 d5 2. d4 Nf6 3. c4 c6 4. e3 Bf5 5. Nc3 e6 6. Nh4 Be4 7. f3 Bg6 8. Qb3 Qc7 9. Bd2 {[%emt 0:04:04] D12: Slav Defence: 3 Nf3 Nf6 4 e3 Bf5.} Be7 10. Nxg6 hxg6 11. O-O-O {[%emt 0:03:50] White is slightly better.} dxc4 12. Bxc4 b5 13. Be2 a6 14. f4 Nbd7 15. Kb1 c5 16. dxc5 (16. g4 $5 ) 16... Nxc5 17. Qc2 Rc8 18. Bf3 {[%emt 0:16:09] [#] Against Nce4} Qb8 $146 (18... Na4 {looks sharper.} 19. Rc1 Nb6 20. Ne2 Qb8) ({Predecessor:} 18... O-O 19. h4 Qa7 20. a3 Rfd8 21. g4 Nd3 22. Rh2 b4 23. axb4 Nxb4 24. Qa4 Nd3 {0-1 (65) Khademalsharieh,S (2494)-Gunina,V (2451) Tornelo INT 2020}) 19. e4 b4 20. e5 bxc3 21. exf6 Bxf6 22. Bxc3 Qxf4 (22... O-O $5 23. Bxf6 gxf6 $11) 23. Bxf6 gxf6 ({But not} 23... Qxf6 24. Rd3 $16 (24. b4 O-O $17)) 24. Rd3 $1 Qf5 $2 (24... Rxh2 $2 25. Rc1 $16) (24... Nxd3 $11 25. Qxc8+ Ke7 26. Qxh8 Qb4) 25. Rc1 (25. Rc3 $18) 25... Ke7 $14 (25... Rxh2 $2 26. Rc3 $16) 26. Rc3 Na4 $1 27. Rxc8 Rxc8 {[%emt 0:00:01][%mdl 64] [#] Pin} 28. Qxf5 Rxc1+ 29. Kxc1 {[%emt 0:00:14] Intending Qa5 and mate.} exf5 {[%emt 0:00:01][%mdl 4096] Endgame KB-KN} 30. b4 Nc3 (30... Kd6 $16 {was called for.}) 31. Kb2 $18 {[%emt 0:00:03][%mdl 1024] White has strong compensation.} Nb5 (31... Ne4 32. Be2 $16) 32. Bb7 Nc7 33. Kb3 f4 (33... Kd7 $142 34. Kc4 f4) 34. Kc4 $16 Kd6 $2 {[%emt 0:00:11][%mdl 8192] [#]} (34... g5 $16) 35. h4 $1 $18 f5 36. a4 f6 (36... f3 $142 37. Bxf3 (37. gxf3 f6 $18) 37... Ne6) 37. a5 Ke6 38. Kc5 Kd7 39. Bc6+ Ke7 40. Kb6 Kd6 41. Bf3 Kd7 42. Bb7 Kd6 43. Bc8 Nd5+ 44. Kxa6 Nxb4+ 45. Kb6 $2 ({Better is} 45. Kb7 $18 Nd3 46. a6) 45... Nd5+ $11 {[%emt 0:00:00] The position is equal.} 46. Kb7 {[%emt 0:00:38] Hoping for a6.} Nb4 47. a6 Nxa6 48. Kxa6 {[%emt 0:00:04] Kb7 would kill now.} f3 $1 49. gxf3 {[%emt 0:00:49][%cal Oc8f5] White threatens Bxf5! and mate. KB-K3P} Ke5 50. Kb5 Kf4 51. Bb7 Kg3 52. Kc5 Kxh4 53. Kd4 g5 54. Bc8 g4 {[%emt 0:00:17] Strongly threatening ...g3.} 55. Ke3 gxf3 {[%emt 0:01:26] Black escapes into a draw.  Weighted Error Value: White=0.26 (precise) /Black=0.27 (precise)} 1/2-1/2

[Event "Charlotte GM-A May 2022"]
[Site "Charlotte"]
[Date "2022.05.08"]
[Round "8.5"]
[White "Sheng, Joshua"]
[Black "Liang, Jason"]
[Result "0-1"]
[ECO "B12"]
[WhiteElo "2487"]
[BlackElo "2432"]
[Annotator "TA"]
[PlyCount "92"]
[EventDate "2022.05.04"]
[EventType "tourn"]
[EventCountry "USA"]
[SourceTitle "playchess.com"]
[Source "ChessBase"]
[SourceQuality "1"]
[TimeControl "5400+30"]

1. e4 c6 2. d4 d5 3. e5 Bf5 4. Nf3 e6 5. Be2 c5 6. Be3 Qb6 7. Nc3 Nc6 (7... Qxb2 8. Nb5 $16) 8. Na4 {[%emt 0:01:51] B12: Caro-Kann: Advance Variation.} (8. O-O $1 $14) 8... Qa5+ $11 9. c3 c4 10. b4 {[%emt 0:00:34] [#] Nowadays more popular than 10.0-0.} (10. Nh4 $1 $14) 10... Qd8 ({Black should play} 10... Bxb4 $1 11. g4 (11. cxb4 Nxb4 12. Nc5 Nc2+ 13. Kf1 Nxa1 $11) 11... Bg6 12. cxb4 Nxb4) 11. Nb2 h6 12. O-O Nge7 13. a4 {[%emt 0:06:27] [#]} a5 $146 ({Predecessor:} 13... Bh7 14. Qd2 Nf5 15. Bd1 Rc8 16. Qe2 Be7 17. Bc2 O-O 18. Rae1 Bxb4 19. cxb4 Nxb4 {0-1 (41) Robson,R (2673)-Vazquez,G (2527) Chess.com INT 2020}) 14. b5 Nb8 15. Nh4 Be4 16. f3 Bh7 {[%emt 0:00:00] And now ...g5 would win.} 17. g4 g5 18. Ng2 Ng6 19. Qd2 Nd7 20. f4 gxf4 21. Bxf4 Nxf4 22. Qxf4 Qe7 23. Bxc4 Rc8 24. Be2 Rxc3 25. Rac1 Rxc1 26. Rxc1 Nb6 {[%emt 0:00:00] Inhibits Rc8+.} 27. Nd3 Bg7 28. Nc5 O-O 29. Qd2 Rc8 30. Qxa5 {[%emt 0:00:00] [#]} (30. Qe3 $15) 30... Bxe5 $1 31. dxe5 Rxc5 32. Qd2 Rxc1+ (32... Nxa4 $15 33. Qxh6 Nc3) 33. Qxc1 Nxa4 {[%emt 0:00:00] Strongly threatening ...Qc5+.} 34. Qxh6 Nc3 35. Qd2 (35. Nf4 $1 $11) 35... Qc5+ 36. Kf1 Ne4 {[%csl Ge4][%cal Rc5f2] Against Qg5+. Black is much more active.} 37. Qe3 {Inhibits Qf2+.} d4 ({Black should try} 37... Qc7 $17 38. Qf4 Qc3) 38. Qf4 Qc3 39. Ne1 {[%emt 0:00:00] Inhibits d3.} Qh3+ 40. Kg1 Qh4 41. Ng2 Qd8 {[%emt 0:03:30] aiming for ...d3.} (41... Nc3 $5 42. Bf3 (42. Nxh4 $2 {perishes.} Nxe2+ 43. Kf2 Nxf4 $19) (42. Bd3 $2 Bxd3 43. Nxh4 Ne2+ 44. Kf2 Nxf4 $19) 42... Qd8 $17) 42. Bd3 Ng5 $36 {[%emt 0:00:00][%mdl 2048] ( -> ...Nh3+). White is under pressure.} 43. Bxh7+ Kxh7 44. Kf1 {h4 is the strong threat.} d3 {[%emt 0:00:00] White must now prevent ...d2.} 45. Ke1 (45. Ne3 $11 {and White is okay.} Kg7 46. h4) 45... Qa5+ $19 46. Kd1 {[%emt 0:00:00] [#]} Qa2 $1 {[%emt 0:00:00] Weighted Error Value: White=0.46/Black=0.16 (very precise)} 0-1